 Dungeon Crawl Stone Soup version 0.26.1-2-gb8aa6d0 (webtiles) character file.

Game seed: 13376504723055271998

30 catcat the Poker (level 3, -2/45 HPs)
             Began as a Merfolk Berserker on Aug 16, 2022.
             Was a Follower of Trog.
             Slain by an orc priest (4 damage)
             ... on level 2 of the Dungeon.
             The game lasted 00:02:18 (1356 turns).

catcat the Poker (Merfolk Berserker)                Turns: 1356, Time: 00:02:19

Health: -2/45      AC:  8    Str: 18    XL:     3   Next: 20%
Magic:  3/3        EV:  8    Int:  6    God:    Trog [*.....]
Gold:   38         SH:  0    Dex: 13    Spells: 2/2 levels left

rFire    . . .     SeeInvis .   a - +0 spear
rCold    . . .     Faith    .   (no shield)
rNeg     . . .     Spirit   .   k - +0 chain mail
rPois    .         Reflect  .   (no helmet)
rElec    .         Harm     .   (no cloak)
rCorr    .         Rampage  .   (no gloves)
Will     .....                  (no boots)
Stlth    ..........             (no amulet)
HPRegen  0.15/turn              (no ring)
MPRegen  0.08/turn              (no ring)

@: berserking, very quick
A: change form in water, swift swim, stealthy swim
a: Renounce Religion, Berserk


You were on level 2 of the Dungeon.
You worshipped Trog.
Trog was aware of your devotion.
You visited 1 branch of the dungeon, and saw 2 of its levels.

You collected 38 gold pieces.

Inventory:

Hand Weapons
 a - a +0 spear (weapon)
Armour
 b - a +0 animal skin
 j - a +0 ring mail
 k - a +0 chain mail (worn)
Scrolls
 c - a scroll of enchant armour {unknown}
 d - 2 scrolls of remove curse {unknown}
 f - 2 scrolls of blinking {unknown}
 g - 2 scrolls of teleportation {unknown}
 h - a scroll of fog {unknown}
Potions
 e - 2 potions of mutation {unknown}
 i - a potion of curing {unknown}


   Skills:
 + Level 3.8 Fighting
 * Level 5.7 Polearms
 - Level 1.3 Armour
 - Level 2.6 Dodging


You had 2 spell levels left.
You didn't know any spells.
Your spell library was empty.

Dungeon Overview and Level Annotations

Branches:
Dungeon (2/15)

Altars:


Message History

You hit the orc priest but do no damage.
Your chain mail prevents you from hitting the orc priest.
The orc priest calls upon Beogh to heal the orc priest.
The orc priest's wounds heal themselves!
The orc hits you with a +1 vorpal hand axe.
* * * LOW HITPOINT WARNING * * *
x2 The orc priest hits you but does no damage.
You hit the orc priest.
The orc priest is lightly wounded.
The orc wizard mumbles some strange words.
The orc wizard seems to speed up.
The orc priest mumbles some strange prayers to Beogh against you.
Beogh smites you!
* * * LOW HITPOINT WARNING * * *
You puncture the orc priest!
You kill the orc priest!
Trog accepts your kill.
The orc wizard hits you but does no damage.
The orc hits you but does no damage. The orc priest hits you.
You die...

###########
##.....<...# ###
^.(........##♣≈♣
...........#≈PP♣♣##
...........≈≈≈P≈PP#
..........≈♣≈≈≈≈≈≈##
..........♣P≈≈≈≈≈≈≈#
##....oo.P♣≈≈PP♣≈≈≈♣
......)@♣♣≈≈≈≈P≈P≈≈♣##
##.....o≈≈≈≈≈≈≈≈≈P≈♣≈#
#......♣♣≈≈≈≈≈≈♣≈P≈≈#
#....).≈♣≈≈≈≈≈≈≈≈≈♣♣#
?...<#.♣♣≈P≈≈≈≈≈≈≈≈♣≈#
....... ≈≈≈≈≈≈≈≈≈≈≈♣♣#
......> ≈P≈≈≈≈≈≈≈≈≈≈≈#
.....#. P≈≈≈≈≈≈≈≈≈≈≈≈#
≈≈≈≈≈≈≈≈≈≈≈♣≈#


You could see an orc priest, an orc wizard (fast) and an orc.

Vanquished Creatures
  An orc priest (D:2)
  A worm (D:2)
  2 leopard geckos
  7 bats
  2 hobgoblins (D:1)
  A frilled lizard (D:1)
  3 goblins
  4 kobolds
  6 rats (D:1)
27 creatures vanquished.

Vanquished Creatures (others)
  7 plants (D:2)
7 creatures vanquished.

Grand Total: 34 creatures vanquished

Notes
Turn   | Place    | Note
-------+----------+-------------------------------------------
     0 | D:1      | catcat the Merfolk Berserker began the quest for the Orb.
     0 | D:1      | Reached XP level 1. HP: 18/18 MP: 1/1
   258 | D:1      | Reached XP level 2. HP: 24/24 MP: 2/2
   301 | D:1      | Reached skill level 5 in Polearms
  1014 | D:2      | Reached XP level 3. HP: 28/30 MP: 3/3
  1355 | D:2      | HP: 1/45 [orc priest/divine providence (10)]
  1356 | D:2      | Slain by an orc priest

Illustrated notes

Levels and vault maps discovered:
D:1:      psy_arrival_statuary, layout_basic
D:2:      layout_basic, lemuel_round_altar, serial_bayou, serial_bayou_lagoon_b,
          serial_bayou_lake_a, serial_bayou_pond_b, serial_bayou_pond_e

Skill      XL: |  1  2 |
---------------+-------+-----
Polearms       | 5 |  5.7
Fighting       | |  3.8
Armour         | |  1.3
Dodging        | |  2.6

Action                   || total
-------------------------++-------
Melee: Spear             ||    79
       Tailslap          ||     1
Invok: Berserk           ||     2
 Stab: Sleeping          ||     3
Armor: Animal skin       ||     3
       Ring mail         ||     3
       Chain mail        ||     6
Dodge: Dodged            ||    29
